[Event "Titled Tuesday Blitz July 6 2021"]
[White "Lodici, Lorenzo"]
[Black "Reprintsev, Alexander"]
[WhiteFideId "884189"]
[BlackFideId "14100541"]
[WhiteElo "2265"]
[BlackElo "2126"]
[Result "1-0"]
[Round "07"]
[TimeControl "180+1"]
[Date "2021.07.06"]
[WhiteClock "0:00:19"]
[BlackClock "0:00:54"]

1. d4 d5 2. Bf4 Nf6 3. Nc3 a6 4. e3 e6 5. g4 c5 6. g5 Nfd7 7. Bg2 Nc6 8. Nge2 Qb6 9. Rb1 cxd4 10. exd4 Na5 11. O-O Bd6 12. Bg3 O-O 13. Qd3 Nc4 14. b3 Na3 15. Rbc1 Bxg3 16. hxg3 Qd8 17. f4 b5 18. Nd1 b4 19. Ne3 a5 20. Rfe1 Ba6 21. Qd2 Qb6 22. c4 bxc3 23. Nxc3 Rac8 24. Na4 Qb4 25. Qxb4 axb4 26. Nc5 Nxc5 27. dxc5 Nb5 28. Nc2 Rxc5 29. Nxb4 Rxc1 30. Rxc1 Bb7 31. Rc5 Nd4 32. Kf2 Ra8 33. g4 f6 34. Ke3 e5 35. Bxd5+ Bxd5 36. Rxd5 Rb8 37. Nd3 Nc2+ 38. Kd2 Na3 39. fxe5 fxg5 40. e6 Rc8 41. Rc5 Rd8 42. e7 Re8 43. Rc7 Nb5 44. Rd7 Kf7 45. a4 Ke6 46. Nc5+ Ke5 47. axb5 Kf4 48. b6 Kxg4 49. b7 h5 50. Rd8 Rxe7 51. b8=Q h4 52. Qc8+ 1-0


[Site "https://www.chess.com"]

[Event "Titled Tuesday Blitz July 6 2021"]
[White "Maevsky, Nikolay"]
[Black "Plat, Vojtech"]
[WhiteFideId "4198220"]
[BlackFideId "325740"]
[WhiteElo "2557"]
[BlackElo "2762"]
[Result "0-1"]
[Round "07"]
[TimeControl "180+1"]
[Date "2021.07.06"]
[WhiteClock "0:00:11"]
[BlackClock "0:01:17"]

1. d4 d6 2. Nc3 Nf6 3. e4 e5 4. Nf3 exd4 5. Qxd4 Nc6 6. Bb5 Bd7 7. Bxc6 Bxc6 8. Bg5 Be7 9. O-O O-O 10. Rfe1 Re8 11. Rad1 h6 12. Bf4 Nh5 13. Be3 Bf6 14. Qd3 Bxc3 15. Qxc3 Bxe4 16. Bd4 d5 17. Nd2 Bg6 18. Rxe8+ Qxe8 19. Nf3 Nf4 20. Qxc7 Ne2+ 21. Kh1 Rc8 22. Qxb7 Be4 23. c3 Rb8 24. Qxa7 Rxb2 25. Ne5 f6 26. Ng4 Qg6 27. Ne3 Nf4 28. f3 Nxg2 29. fxe4 Nxe3 30. Qa8+ Kh7 31. Rg1 Qxe4+ 32. Rg2 Rb1# 0-1


[Site "https://www.chess.com"]

[Event "Titled Tuesday Blitz July 6 2021"]
[White "Makhnev, Denis"]
[Black "Pereira, Juliano Resende M"]
[WhiteFideId "13707647"]
[BlackFideId "2109816"]
[WhiteElo "2537"]
[BlackElo "2449"]
[Result "1/2-1/2"]
[Round "07"]
[TimeControl "180+1"]
[Date "2021.07.06"]
[WhiteClock "0:00:24"]
[BlackClock "0:00:14"]

1. Nf3 Nf6 2. g3 e6 3. Bg2 d5 4. O-O Be7 5. c4 O-O 6. d4 c6 7. Qc2 b6 8. Rd1 Bb7 9. b3 Na6 10. Bb2 Rc8 11. Nc3 Nb4 12. Qd2 a5 13. Ne5 Nd7 14. Nxd7 Qxd7 15. e4 Rfd8 16. a3 Na6 17. exd5 cxd5 18. cxd5 exd5 19. Rac1 Nc7 20. Na4 Qd6 21. Bh3 Ne6 22. Qe2 Rxc1 23. Rxc1 Ng5 24. Bg2 Ne4 25. Qb5 Qf6 26. f3 Ng5 27. f4 Ne4 28. Qxb6 Qxb6 29. Nxb6 Bd6 30. Na4 Rb8 31. Nc5 Ba8 32. Bxe4 dxe4 33. Bc3 h5 34. Bxa5 Bxc5 35. dxc5 Rxb3 36. c6 Rxa3 37. c7 Bb7 38. c8=Q+ Bxc8 39. Rxc8+ Kh7 40. Bb6 Ra1+ 41. Kf2 Ra2+ 42. Ke3 Rxh2 43. Kxe4 Rg2 44. Kf3 Rb2 45. Be3 Kg6 46. Rc5 f6 47. f5+ Kh7 48. Rc7 Rb5 49. Ke4 Rb4+ 50. Bd4 Kh6 51. Kd5 Rb3 52. Rc3 Rxc3 53. Bxc3 Kg5 54. Ke6 Kg4 55. Bxf6 gxf6 56. Kxf6 Kxg3 57. Kg5 h4 58. f6 h3 59. f7 h2 60. f8=Q h1=Q 61. Qf4+ Kh3 62. Qg4+ Kh2 63. Qh4+ Kg1 64. Qe1+ Kh2 65. Qh4+ Kg1 66. Qxh1+ Kxh1 1/2-1/2


[Site "https://www.chess.com"]

[Event "Titled Tuesday Blitz July 6 2021"]
[White "Maltsevskaya, Aleksandra"]
[Black "Lagunow, Raphael"]
[WhiteFideId "24174041"]
[BlackFideId "24652644"]
[WhiteElo "2225"]
[BlackElo "2400"]
[Result "1-0"]
[Round "07"]
[TimeControl "180+1"]
[Date "2021.07.06"]
[WhiteClock "0:01:34"]
[BlackClock "0:00:06"]

1. d4 d5 2. Nf3 Nf6 3. c4 e6 4. Bg5 dxc4 5. e4 b5 6. a4 c6 7. Nc3 Bb4 8. e5 h6 9. exf6 hxg5 10. fxg7 Rg8 11. axb5 cxb5 12. Ne5 Rxg7 13. Qf3 Qd5 14. Qf6 Kf8 15. Be2 Qxd4 16. Ng6+ 1-0


[Site "https://www.chess.com"]

[Event "Titled Tuesday Blitz July 6 2021"]
[White "Maly, Alexey"]
[Black "Janaszak, Dawid"]
[WhiteFideId "14103184"]
[BlackFideId "1119206"]
[WhiteElo "2285"]
[BlackElo "2332"]
[Result "1/2-1/2"]
[Round "07"]
[TimeControl "180+1"]
[Date "2021.07.06"]
[WhiteClock "0:02:28"]
[BlackClock "0:01:51"]

1. d4 Nf6 2. c4 g6 3. Nc3 Bg7 4. e4 d6 5. Be2 O-O 6. Nf3 c5 7. d5 Re8 8. O-O e6 9. Re1 exd5 10. exd5 Bg4 11. h3 Bxf3 12. Bxf3 Nbd7 13. Rxe8+ Qxe8 14. Be2 Ne4 15. Nxe4 Qxe4 16. Bd3 Qh4 17. Qc2 Re8 18. Bd2 Bd4 19. Rf1 Ne5 20. Bc3 Nf3+ 1/2-1/2


[Site "https://www.chess.com"]

[Event "Titled Tuesday Blitz July 6 2021"]
[White "Martinez Reyes, Pedro Ramon"]
[Black "Molina, Roberto Junio Brito"]
[WhiteFideId "3901807"]
[BlackFideId "2109450"]
[WhiteElo "2398"]
[BlackElo "2402"]
[Result "1-0"]
[Round "07"]
[TimeControl "180+1"]
[Date "2021.07.06"]
[WhiteClock "0:00:18"]
[BlackClock "0:00:13"]

1. e4 c6 2. d3 d5 3. Nd2 g6 4. Ngf3 Bg7 5. d4 dxe4 6. Nxe4 Bg4 7. c3 Nf6 8. Nxf6+ Bxf6 9. Bh6 Qb6 10. Be2 Nd7 11. O-O O-O-O 12. a4 Bxf3 13. Bxf3 e5 14. a5 Qc7 15. a6 b6 16. Qa4 Kb8 17. Bxc6 exd4 18. Rad1 Nc5 19. Qb5 dxc3 20. bxc3 Bxc3 21. Bf3 f5 22. Bg5 Rxd1 23. Rxd1 Rc8 24. g3 Be5 25. Rd5 h6 26. Be3 f4 27. Bxc5 fxg3 28. Rd7 gxh2+ 29. Kh1 Qxc5 30. Rb7+ Ka8 31. Rxb6+ 1-0


[Site "https://www.chess.com"]

[Event "Titled Tuesday Blitz July 6 2021"]
[White "Matinian, Nikita"]
[Black "Kotepalli, Sai Nirupama"]
[WhiteFideId "24129100"]
[BlackFideId "5039444"]
[WhiteElo "2410"]
[BlackElo "2436"]
[Result "1-0"]
[Round "07"]
[TimeControl "180+1"]
[Date "2021.07.06"]
[WhiteClock "0:01:25"]
[BlackClock "0:00:18"]

1. e4 c5 2. Nc3 e6 3. f4 d5 4. Nf3 dxe4 5. Nxe4 Nf6 6. Bb5+ Bd7 7. Qe2 Nxe4 8. Bxd7+ Qxd7 9. Qxe4 Nc6 10. O-O Bd6 11. d3 O-O 12. Ng5 g6 13. b3 Nd4 14. Bb2 f5 15. Qe1 Nxc2 16. Qc3 Nd4 17. Rae1 Rae8 18. a4 b6 19. Qc4 h6 20. Nf3 Nxf3+ 21. Rxf3 g5 22. fxg5 hxg5 23. Rh3 Qc6 24. Rh8+ Kf7 25. Rh7+ Kg6 26. Rg7+ Kh5 27. Re3 g4 28. h3 g3 29. Rh7+ Kg6 30. Qh4 f4 31. Qh5# 1-0


[Site "https://www.chess.com"]

[Event "Titled Tuesday Blitz July 6 2021"]
[White "Mezentsev, Ivan"]
[Black "Seul, Georg"]
[WhiteFideId "13706195"]
[BlackFideId "4601653"]
[WhiteElo "2295"]
[BlackElo "2332"]
[Result "0-1"]
[Round "07"]
[TimeControl "180+1"]
[Date "2021.07.06"]
[WhiteClock "0:00:09"]
[BlackClock "0:00:11"]

1. d4 Nf6 2. Nc3 d5 3. Bf4 e6 4. f3 a6 5. e4 c5 6. dxc5 Bxc5 7. exd5 exd5 8. Qe2+ Be6 9. O-O-O O-O 10. Qd2 Nc6 11. Bg5 Be7 12. Nge2 Rc8 13. Nd4 Nxd4 14. Qxd4 Qa5 15. Kb1 Rfd8 16. Bd3 Rd7 17. Rhe1 h6 18. Be3 Rdc7 19. Qa4 Qxa4 20. Nxa4 b5 21. Nc3 Bb4 22. Bd4 Nd7 23. f4 Nc5 24. Rf1 Nxd3 25. Rxd3 Bf5 26. Re3 Bxc3 27. bxc3 Rc6 28. Re5 Be4 29. f5 b4 30. f6 bxc3 31. fxg7 Rc4 32. Rxe4 dxe4 33. Bf6 e3 34. Re1 e2 35. Kc1 Rf4 36. Be5 Rf1 37. Bg3 Rxe1+ 38. Bxe1 Rd8 39. Bxc3 Rd1+ 40. Kb2 e1=Q 41. Bxe1 Rxe1 42. Kb3 Re2 43. c4 Rxg2 44. c5 Rxh2 45. c6 Rh1 46. Kc4 Rc1+ 47. Kd5 h5 48. Kd6 h4 49. c7 h3 50. c8=Q+ Rxc8 0-1


[Site "https://www.chess.com"]

[Event "Titled Tuesday Blitz July 6 2021"]
[White "Nabaty, Tamir"]
[Black "Tejedor Fuente, Enrique"]
[WhiteFideId "2809052"]
[BlackFideId "2299100"]
[WhiteElo "2826"]
[BlackElo "2566"]
[Result "1-0"]
[Round "07"]
[TimeControl "180+1"]
[Date "2021.07.06"]
[WhiteClock "0:00:06"]
[BlackClock "0:00:01"]

1. e4 c5 2. Nf3 Nc6 3. d4 cxd4 4. Nxd4 e6 5. Nc3 Qc7 6. Be3 a6 7. Qf3 Nge7 8. O-O-O Nxd4 9. Bxd4 Nc6 10. Be3 g6 11. Qg3 Qxg3 12. hxg3 Bg7 13. Bc5 b5 14. f4 Bb7 15. e5 O-O-O 16. Ne4 Kc7 17. Ng5 f6 18. exf6 Bxf6 19. Nf7 h5 20. Bd6+ Kb6 21. Bd3 Rhg8 22. Nxd8 Nxd8 23. Rd2 Nf7 24. Bb4 Nh6 25. Re1 Bc6 26. Be4 Nf5 27. Bxc6 Kxc6 28. Rd3 Re8 29. Bc3 Bd8 30. b3 Bb6 31. Re2 Rg8 32. Bf6 Rf8 33. Be5 Rg8 34. Kb2 Bc5 35. a3 a5 36. c3 d6 37. Bf6 Kd7 38. b4 Bb6 39. Bd4 Bc7 40. Bf2 a4 41. Re4 d5 42. c4 Nd6 43. Re2 bxc4 44. Rd1 Bd8 45. Bd4 Nf5 46. Bf2 Bf6+ 47. Kc2 Rc8 48. g4 hxg4 49. Rh1 g3 50. Rh7+ Kd6 51. Bc5+ Rxc5 52. bxc5+ Kxc5 53. Kd1 Nd4 54. Rb2 Nb3 55. Re2 Nd4 56. Re3 Kd6 57. Rxg3 Nb5 58. Rb7 Nc3+ 59. Kc2 Ne4 60. Rxg6 d4 61. Rxf6 d3+ 62. Kd1 Nxf6 63. Kd2 Ne4+ 64. Ke3 Nc5 65. Rb4 Kd5 66. Rb5 Kc6 67. Rb4 c3 68. Rc4 d2 69. Ke2 Kd5 70. Rxc3 Ne4 71. Rd3+ Kc4 72. Re3 Nc5 73. Kxd2 Kd4 74. Re2 Nb3+ 75. Kc2 Kd5 76. Re5+ Kd6 77. Re4 Nc5 78. Rd4+ Ke7 79. Rc4 Nb7 80. Rxa4 Nc5 81. Rc4 1-0


[Site "https://www.chess.com"]

[Event "Titled Tuesday Blitz July 6 2021"]
[White "Nakamura, Hikaru"]
[Black "Deepan Chakkravarthy J."]
[WhiteFideId "2016192"]
[BlackFideId "5011132"]
[WhiteElo "2900"]
[BlackElo "2490"]
[Result "1-0"]
[Round "07"]
[TimeControl "180+1"]
[Date "2021.07.06"]
[WhiteClock "0:00:39"]
[BlackClock "0:00:01"]

1. Nf3 d5 2. b3 Nf6 3. Bb2 Bf5 4. g3 e6 5. Nh4 Bg6 6. Nxg6 hxg6 7. Bg2 Nbd7 8. e3 Bd6 9. d3 Qe7 10. a3 a5 11. Nd2 a4 12. b4 c5 13. bxc5 Nxc5 14. O-O O-O 15. d4 Nce4 16. Nxe4 dxe4 17. c4 b6 18. Qc2 Rfc8 19. Rfc1 Qb7 20. Qe2 Rc7 21. Rab1 Rac8 22. Rc2 Qa6 23. Rbc1 Be7 24. h4 Qa5 25. g4 Ne8 26. Bxe4 Bxh4 27. f4 Nd6 28. Bd3 g5 29. Qf3 g6 30. Qh3 Nxc4 31. Bxc4 b5 32. Bc3 Qa8 33. Bd3 b4 34. axb4 a3 35. fxg5 Bxg5 36. Rh2 Bf6 37. g5 1-0


[Site "https://www.chess.com"]

[Event "Titled Tuesday Blitz July 6 2021"]
[White "Naroditsky, Daniel"]
[Black "Williams, Simon K"]
[WhiteFideId "2026961"]
[BlackFideId "404454"]
[WhiteElo "2608"]
[BlackElo "2468"]
[Result "1-0"]
[Round "07"]
[TimeControl "180+1"]
[Date "2021.07.06"]
[WhiteClock "0:00:53"]
[BlackClock "0:00:10"]

1. d4 e6 2. e4 d5 3. Nd2 Nf6 4. e5 Nfd7 5. Bd3 c5 6. c3 Nc6 7. Ngf3 Be7 8. O-O a5 9. Re1 cxd4 10. cxd4 g5 11. h3 h5 12. Nf1 g4 13. hxg4 hxg4 14. N3h2 Bb4 15. Re3 Qh4 16. Rg3 f5 17. exf6 Bd6 18. Qxg4 Bxg3 19. Qg6+ Kd8 20. fxg3 Qxd4+ 21. Be3 Qxb2 22. Rb1 Qxa2 23. Qg7 Rf8 24. Bb6+ Nxb6 25. Qxf8+ Kc7 26. f7 Nd7 27. Qh6 Qa3 28. Bb5 Qf8 29. Qxe6 Nb6 30. Qf6 Bd7 31. Ne3 a4 32. Nf3 a3 33. Bxc6 bxc6 34. Ne5 a2 35. Ra1 Qc5 36. Qf4 Kb7 37. Rxa2 Qc1+ 38. Nf1 Qc5+ 39. Qf2 d4 40. Rxa8 1-0


[Site "https://www.chess.com"]

[Event "Titled Tuesday Blitz July 6 2021"]
[White "Nguyen, Quoc Hy"]
[Black "Yakubboev, Nodirbek"]
[WhiteFideId "12410853"]
[BlackFideId "14203987"]
[WhiteElo "1975"]
[BlackElo "2519"]
[Result "0-1"]
[Round "07"]
[TimeControl "180+1"]
[Date "2021.07.06"]
[WhiteClock "0:00:05"]
[BlackClock "0:00:06"]

1. d4 Nf6 2. c4 g6 3. Nc3 Bg7 4. e4 d6 5. Bd3 O-O 6. Nge2 Nc6 7. O-O e5 8. d5 Ne7 9. b4 a5 10. Ba3 axb4 11. Bxb4 c5 12. dxc6 bxc6 13. a4 c5 14. Ba3 Nc6 15. Nb5 Be6 16. Nec3 Nh5 17. Nd5 Bxd5 18. cxd5 Nd4 19. Nxd4 exd4 20. Bb5 f5 21. Re1 Be5 22. Bc1 fxe4 23. Rxe4 Nf6 24. Re1 Nh5 25. g3 Ng7 26. Ra2 Ra7 27. Bh6 Rff7 28. f4 Bf6 29. Rae2 Rfe7 30. Bxg7 Kxg7 31. Re6 Qb6 32. Qd3 Qa5 33. Kf2 Qb4 34. f5 g5 35. R1e3 dxe3+ 0-1


[Site "https://www.chess.com"]

[Event "Titled Tuesday Blitz July 6 2021"]
[White "Nitish Belurkar"]
[Black "Shevelev, Dmitry"]
[WhiteFideId "5084768"]
[BlackFideId "24233463"]
[WhiteElo "2306"]
[BlackElo "2469"]
[Result "0-1"]
[Round "07"]
[TimeControl "180+1"]
[Date "2021.07.06"]
[WhiteClock "0:01:26"]
[BlackClock "0:00:16"]

1. d4 Nf6 2. Nf3 g6 3. Bg5 Bg7 4. Nbd2 O-O 5. e4 d5 6. Bxf6 exf6 7. exd5 Qxd5 8. Be2 Nc6 9. c3 Bf5 10. O-O Rad8 11. Bc4 Qd7 12. Re1 Na5 13. Bf1 Rfe8 14. Nb3 Nxb3 15. Qxb3 b6 16. Rad1 Be4 17. Nd2 Bd5 18. Bc4 Bb7 19. Nf1 h5 20. Ne3 Bh6 21. Bb5 c6 22. Bd3 Kg7 23. Nf1 Rxe1 24. Rxe1 Re8 25. Rxe8 Qxe8 26. Qd1 c5 27. dxc5 bxc5 28. Qe2 Qc6 29. Ne3 a5 30. Bc4 h4 31. Bd5 Qc7 32. Bxb7 Qxb7 33. g3 h3 34. c4 Qe4 35. b3 Bxe3 36. fxe3 Qb1+ 37. Kf2 Qh1 38. Qf1 Qxh2+ 39. Kf3 f5 40. Qa1+ f6 41. Qf1 g5 42. e4 Qg2+ 43. Qxg2 fxe4+ 44. Kf2 hxg2 45. Kxg2 f5 46. Kf2 Kf6 47. a3 Ke5 48. Ke3 f4+ 49. gxf4+ gxf4+ 50. Ke2 Kd4 51. Kd2 a4 52. Ke2 axb3 53. Kd2 Kxc4 0-1


[Site "https://www.chess.com"]

[Event "Titled Tuesday Blitz July 6 2021"]
[White "Novikov, Evgenij"]
[Black "Bryant, Jehron"]
[WhiteFideId "4125380"]
[BlackFideId "2044455"]
[WhiteElo "2242"]
[BlackElo "2411"]
[Result "1-0"]
[Round "07"]
[TimeControl "180+1"]
[Date "2021.07.06"]
[WhiteClock "0:00:10"]
[BlackClock "0:00:18"]

1. e4 c5 2. Nf3 e6 3. d4 cxd4 4. c3 d5 5. exd5 exd5 6. Nxd4 Nf6 7. Be2 Bc5 8. O-O O-O 9. Nb3 Bd6 10. N1d2 Nc6 11. Nf3 h6 12. Be3 Bg4 13. h3 Bh5 14. Bc5 Re8 15. Re1 Ne4 16. Bxd6 Qxd6 17. Nfd4 Bg6 18. Bf3 a6 19. Nxc6 bxc6 20. c4 Rad8 21. cxd5 cxd5 22. Qd4 Qf6 23. Qxf6 Nxf6 24. Nd4 Be4 25. Be2 Rc8 26. Bxa6 Rb8 27. b3 Rb4 28. Rad1 Ra8 29. a3 Rxd4 30. Rxd4 Rxa6 31. a4 Bc2 32. Re3 Kf8 33. Rc3 Bf5 34. g4 Bd7 35. f3 Ke7 36. Kf2 Kd6 37. h4 Ne8 38. g5 Nc7 39. gxh6 gxh6 40. Rf4 Be6 41. Rf6 Ne8 42. Rxh6 Ke5 43. Rh8 Nd6 44. Re3+ Kd4 45. h5 Nf5 46. Re2 Rb6 47. h6 Rxb3 48. h7 Ne7 49. Rg8 Ng6 50. Rxg6 fxg6 51. h8=Q+ Kc4 52. Rxe6 Rb2+ 53. Qxb2 1-0


[Site "https://www.chess.com"]

[Event "Titled Tuesday Blitz July 6 2021"]
[White "Obregon, Andres Carlos"]
[Black "Rostovtsev, Dmitry"]
[WhiteFideId "111724"]
[BlackFideId "34278320"]
[WhiteElo "2572"]
[BlackElo "2114"]
[Result "1-0"]
[Round "07"]
[TimeControl "180+1"]
[Date "2021.07.06"]
[WhiteClock "0:01:39"]
[BlackClock "0:01:17"]

1. d4 Nf6 2. Bf4 d5 3. e3 e6 4. Nd2 c5 5. c3 Nc6 6. Ngf3 cxd4 7. exd4 Nh5 8. Be3 Bd6 9. Ne5 Nf6 10. f4 Ng8 11. Bd3 Nge7 12. O-O O-O 13. Qe2 f6 14. Nef3 Nf5 15. Rae1 Qc7 16. g3 Bd7 17. Bf2 Rae8 18. Qd1 a6 19. c4 Nb4 20. Bxf5 exf5 21. c5 Be7 22. Qb3 Nc6 23. Qxd5+ Kh8 24. Qc4 Rc8 25. b4 b5 26. Qb3 a5 27. d5 Nxb4 28. Rxe7 1-0


[Site "https://www.chess.com"]

[Event "Titled Tuesday Blitz July 6 2021"]
[White "Oliveira, Silvio Eduardo"]
[Black "Vovk, Orest"]
[WhiteFideId "2111560"]
[BlackFideId "14113490"]
[WhiteElo "2302"]
[BlackElo "2203"]
[Result "0-1"]
[Round "07"]
[TimeControl "180+1"]
[Date "2021.07.06"]
[WhiteClock "0:02:03"]
[BlackClock "0:01:23"]

1. e4 g5 2. d4 g4 3. Nc3 Bg7 4. Be3 h5 5. h3 d6 6. Be2 Nf6 7. e5 dxe5 8. dxe5 Qxd1+ 9. Rxd1 Ng8 10. hxg4 hxg4 11. Rxh8 Bxh8 12. f4 gxf3 13. Nxf3 c6 14. Kf2 Bg4 0-1


[Site "https://www.chess.com"]

[Event "Titled Tuesday Blitz July 6 2021"]
[White "Onyshchuk, Volodymyr"]
[Black "Levitskiy, Andrey"]
[WhiteFideId "14114038"]
[BlackFideId "14132885"]
[WhiteElo "2603"]
[BlackElo "2323"]
[Result "1-0"]
[Round "07"]
[TimeControl "180+1"]
[Date "2021.07.06"]
[WhiteClock "0:00:51"]
[BlackClock "0:00:02"]

1. Nf3 d5 2. g3 Nd7 3. Bg2 e5 4. O-O Ngf6 5. c4 c6 6. cxd5 cxd5 7. d4 e4 8. Ne5 Be7 9. Nc3 O-O 10. Bf4 Nb6 11. Rc1 Be6 12. f3 exf3 13. Bxf3 Rc8 14. Qb3 a6 15. a4 a5 16. Nb5 Nc4 17. Nxc4 dxc4 18. Qc2 Nd5 19. Bxd5 Bxd5 20. e4 Bc6 21. d5 Bxb5 22. axb5 Qb6+ 23. Kg2 Qxb5 24. Rfd1 Rfd8 25. Rd4 Bf6 26. Rxc4 Rxc4 27. Qxc4 Qxb2+ 28. Rc2 Qb1 29. e5 Be7 30. d6 Bf8 31. Rd2 b5 32. Qd5 a4 33. e6 fxe6 34. Qxe6+ Kh8 35. d7 a3 36. Qe8 a2 37. Qxd8 Qe4+ 38. Kf2 Qb4 39. Qxf8+ Qxf8 40. d8=Q 1-0


[Site "https://www.chess.com"]

[Event "Titled Tuesday Blitz July 6 2021"]
[White "Orozbaev, Eldiar"]
[Black "Yanchenko, Roman"]
[WhiteFideId "13802240"]
[BlackFideId "4137329"]
[WhiteElo "1911"]
[BlackElo "2514"]
[Result "0-1"]
[Round "07"]
[TimeControl "180+1"]
[Date "2021.07.06"]
[WhiteClock "0:00:07"]
[BlackClock "0:00:18"]

1. e4 e6 2. d4 d5 3. exd5 exd5 4. Bd3 c5 5. Nf3 c4 6. Be2 Bd6 7. O-O Ne7 8. b3 cxb3 9. axb3 O-O 10. c4 Nbc6 11. Nc3 Bf5 12. Bg5 f6 13. Bh4 a6 14. Bg3 Rc8 15. Re1 Re8 16. Bd3 Bb4 17. Rc1 Ba3 18. Rb1 Qa5 19. Nxd5 Nxd5 20. cxd5 Bxd3 21. dxc6 Bxb1 22. cxb7 Bf5 23. bxc8=Q Rxc8 24. d5 Rc1 25. Qe2 Rxe1+ 26. Nxe1 Qxd5 27. Qxa6 Qxb3 28. Qa8+ Kf7 29. Qa7+ Kg6 30. Qa8 h6 31. Qe8+ Kh7 32. h3 Qb1 33. Kh2 Be4 34. Nf3 Bxf3 35. gxf3 Qf5 36. Qe4 Qg6 37. Qxg6+ Kxg6 38. Kg2 Kf5 39. f4 Ke4 40. f3+ Kf5 41. Kf2 Bc1 42. Kg2 Be3 43. h4 h5 44. Be1 g6 45. Bc3 Bxf4 46. Kh3 Be5 47. Bd2 Ke6 48. Kg2 Bd4 49. f4 f5 50. Kf3 Kd5 51. Be1 Kc4 52. Ba5 Kd3 53. Bd8 Bc3 54. Bg5 Kd2 55. Bd8 Ke1 56. Bg5 Kf1 57. Kg3 Kg1 58. Bd8 Be1+ 59. Kh3 Kf2 60. Bb6+ Kf3 61. Bc7 Bd2 62. Bd8 Bxf4 63. Bf6 Be3 64. Be5 f4 65. Kh2 Ke2 66. Kg2 f3+ 67. Kh3 f2 68. Bg3 f1=Q+ 69. Kh2 Bg1+ 70. Kh1 Bf2+ 71. Kh2 Qg1+ 72. Kh3 Qxg3# 0-1


[Site "https://www.chess.com"]

[Event "Titled Tuesday Blitz July 6 2021"]
[White "Ozates, Tuna"]
[Black "Vogel, Roven"]
[WhiteFideId "6354521"]
[BlackFideId "12908088"]
[WhiteElo "1872"]
[BlackElo "2516"]
[Result "0-1"]
[Round "07"]
[TimeControl "180+1"]
[Date "2021.07.06"]
[WhiteClock "0:00:03"]
[BlackClock "0:01:30"]

1. e4 c6 2. d4 d5 3. e5 Bf5 4. Nf3 e6 5. Be2 h6 6. c3 Nd7 7. Nbd2 Ne7 8. Nb3 g5 9. Be3 Bg6 10. Qd2 Nf5 11. O-O f6 12. exf6 Qxf6 13. Bd3 Bd6 14. h3 O-O 15. Nh2 Rae8 16. Ng4 Qg7 17. Rae1 h5 18. Nh2 e5 19. dxe5 Nxe5 20. Bxg5 Nxd3 21. Qxd3 Ng3 22. Qd2 Nxf1 23. Rxf1 Be4 24. f4 Be7 25. Nf3 Bxf3 26. Rxf3 Bxg5 27. fxg5 Rxf3 28. gxf3 Qe5 29. h4 Qg3+ 0-1


[Site "https://www.chess.com"]

[Event "Titled Tuesday Blitz July 6 2021"]
[White "Ozen, Bahadir"]
[Black "Tomiello, Lucas Costamilan"]
[WhiteFideId "6337058"]
[BlackFideId "22701940"]
[WhiteElo "2503"]
[BlackElo "1945"]
[Result "1-0"]
[Round "07"]
[TimeControl "180+1"]
[Date "2021.07.06"]
[WhiteClock "0:00:14"]
[BlackClock "0:00:09"]

1. Nf3 Nf6 2. e3 d5 3. c4 c5 4. cxd5 Nxd5 5. Nc3 g6 6. Qa4+ Nc6 7. Ne5 Nxc3 8. bxc3 Bd7 9. Nxd7 Qxd7 10. Ba3 Bg7 11. Bxc5 O-O 12. d4 Rfc8 13. Bb5 b6 14. Ba3 a6 15. Bxc6 Rxc6 16. O-O b5 17. Qb3 Rac8 18. Bc5 e6 19. a4 Bf8 20. axb5 axb5 21. Qxb5 Bxc5 22. dxc5 Qe7 23. Ra8 Qxc5 24. Qxc5 Rxc5 25. Rxc8+ Rxc8 26. Rc1 Kg7 27. Kf1 Kf6 28. Ke2 Ke5 29. Kd3 Rd8+ 30. Kc2 h5 31. Ra1 f5 32. c4 Rc8 33. Kc3 g5 34. f3 g4 35. Ra5+ Kf6 36. c5 h4 37. h3 gxh3 38. gxh3 Ke5 39. Kc4 Rg8 40. Ra6 Rg1 41. f4+ Kf6 42. Ra7 Rg3 43. c6 Rxh3 44. c7 Rh1 45. Ra3 Rc1+ 46. Rc3 Rxc3+ 47. Kxc3 h3 48. c8=Q h2 49. Qa8 Kg6 50. Qh1 e5 51. Qxh2 exf4 52. Qxf4 Kf6 53. Kd4 Ke6 54. Qe5+ Kf7 55. Qxf5+ Kg7 56. e4 Kh6 57. e5 Kg7 58. e6 Kh6 59. e7 Kg7 60. e8=Q 1-0


[Site "https://www.chess.com"]

[Event "Titled Tuesday Blitz July 6 2021"]
[White "Pakleza, Zbigniew"]
[Black "Eternauta2400"]
[WhiteFideId "1119290"]
[WhiteElo "2526"]
[BlackElo "2487"]
[Result "1-0"]
[Round "07"]
[TimeControl "180+1"]
[Date "2021.07.06"]
[WhiteClock "0:00:17"]
[BlackClock "0:00:15"]

1. d4 Nf6 2. Nf3 e6 3. Bf4 d5 4. e3 c5 5. c3 Bd6 6. Bg3 Nc6 7. Nbd2 O-O 8. Bd3 Ne7 9. O-O Nf5 10. Bxf5 exf5 11. Bxd6 Qxd6 12. dxc5 Qxc5 13. Qb3 b6 14. Rfd1 Qc7 15. Nd4 f4 16. exf4 Qxf4 17. Nf1 Bg4 18. Re1 Rfe8 19. Qc2 Bh5 20. Qd2 Qd6 21. Ng3 Bg6 22. h3 h6 23. Rxe8+ Rxe8 24. Re1 Ne4 25. Nxe4 dxe4 26. Rd1 Kh7 27. Nb5 Qc5 28. Qd7 Re5 29. Nd4 e3 30. fxe3 Rxe3 31. Kh1 Qe5 32. Qg4 Be4 33. Rf1 Rg3 34. Qf4 Qxf4 35. Rxf4 Bxg2+ 36. Kh2 Rg6 37. Rxf7 Bd5 38. Rf2 Bxa2 39. b3 Bb1 40. Re2 a5 41. h4 Rg4 42. Kh3 h5 43. Re5 g6 44. Rb5 Bd3 45. Rxb6 Bf1+ 46. Kh2 Rxh4+ 47. Kg1 Bd3 48. Kf2 Rh3 49. c4 Be4 50. c5 Rd3 51. Ne6 Kh6 52. Ke2 Rc3 53. Kd2 Rc2+ 54. Ke3 Bd5 55. Nf4 Rxc5 56. Kd4 Rc6 57. Nxd5 Rxb6 58. Nxb6 h4 59. Ke3 h3 60. Kf2 Kh5 61. Kg3 Kg5 62. Nc4 Kf5 63. Kxh3 Ke4 64. Nxa5 Kd4 65. Nc4 Kc3 66. Nd2 Kb4 67. Kg4 Kc3 68. Kg5 Kb4 69. Kxg6 Kc3 70. Kf5 Kb4 71. Ke4 Kc3 72. Ke3 Kb4 73. Kd3 Kb5 74. Kc3 Ka5 75. b4+ Kb6 76. Kb3 Ka6 77. Kc4 Ka7 78. b5 Kb7 79. Kc5 Kb8 80. b6 Ka8 81. Kc6 Kb8 82. b7 Ka7 83. Kc7 1-0


[Site "https://www.chess.com"]

[Event "Titled Tuesday Blitz July 6 2021"]
[White "Pert, Richard G"]
[Black "Obolentseva, Alexandra"]
[WhiteFideId "404748"]
[BlackFideId "24153648"]
[WhiteElo "2441"]
[BlackElo "2113"]
[Result "1/2-1/2"]
[Round "07"]
[TimeControl "180+1"]
[Date "2021.07.06"]
[WhiteClock "0:00:13"]
[BlackClock "0:00:10"]

1. d4 Nf6 2. Bg5 Ne4 3. Bf4 c5 4. f3 Nf6 5. dxc5 Qa5+ 6. Nc3 Qxc5 7. e4 d6 8. Qd2 a6 9. O-O-O Nbd7 10. Nge2 b5 11. Be3 Qc7 12. Kb1 Bb7 13. g4 Ne5 14. Nd4 Nfd7 15. Nd5 Bxd5 16. exd5 Nb6 17. f4 Nxg4 18. Bg1 Nf6 19. Qa5 Nfxd5 20. Bg2 e6 21. f5 Rc8 22. Qxa6 Qd7 23. fxe6 fxe6 24. Qxb5 Qxb5 25. Nxb5 Be7 26. Bxb6 Nxb6 27. Nxd6+ Bxd6 28. Rxd6 Nc4 29. Rxe6+ Kd7 30. Bh3 Rc5 31. Rd1+ Kc7 32. b3 Na3+ 33. Kb2 Rxc2+ 34. Ka1 Ra8 35. Rf1 Rd8 36. Rf7+ Kb8 37. Rb6+ Ka8 38. Ra6+ Kb8 39. Rb6+ Ka8 40. Ra6+ Kb8 41. Rb6+ 1/2-1/2


[Site "https://www.chess.com"]

[Event "Titled Tuesday Blitz July 6 2021"]
[White "Petriashvili, Nikoloz"]
[Black "Galego, Luis"]
[WhiteFideId "13611216"]
[BlackFideId "1900072"]
[WhiteElo "2430"]
[BlackElo "2524"]
[Result "1-0"]
[Round "07"]
[TimeControl "180+1"]
[Date "2021.07.06"]
[WhiteClock "0:01:13"]
[BlackClock "0:00:10"]

1. e4 c5 2. Nf3 d6 3. d4 Nf6 4. dxc5 Nxe4 5. cxd6 Qxd6 6. Qxd6 Nxd6 7. Bf4 Bf5 8. Bxd6 exd6 9. Nd4 Bg6 10. Bb5+ Nd7 11. Nc3 O-O-O 12. Bxd7+ Rxd7 13. O-O-O Be7 14. Nd5 Bd8 15. Rhe1 h5 16. b3 h4 17. Kb2 Rh5 18. c4 Re5 19. Nf3 Re6 20. Nd4 Re5 21. f4 Rh5 22. Re8 f6 23. Rf8 Be4 24. Re1 Bxd5 25. cxd5 Rxd5 26. Ne6 Rd2+ 27. Kb1 Rxg2 28. Rc1+ Kb8 29. Nxd8 b5 30. Nc6+ Kb7 31. Rb8+ Ka6 32. Nb4+ Ka5 33. Rc6 Kxb4 34. Rc4+ Ka3 35. Rxb5 Rb2+ 36. Kc1 Kxa2 37. Ra4# 1-0


[Site "https://www.chess.com"]